 Dungeon Crawl Stone Soup version 0.24-a0-520-g8fd06ad0bc (webtiles) character file.

Game seed: 12858339470985759739

95 Liat the Chopper (level 4, 0/36 HPs)
             Began as a Human Berserker on July 24, 2019.
             Was a Believer of Trog.
             Succumbed to Ijyb's poison
             ... on level 3 of the Dungeon.
             The game lasted 00:22:43 (2014 turns).

Liat the Chopper (Human Berserker)                  Turns: 2014, Time: 00:22:43

Health: 0/36       AC: 12    Str: 18    XL:     4   Next: 95%
Magic:  4/4        EV: 19    Int:  8    God:    Trog [**....]
Gold:   133        SH:  0    Dex: 12    Spells: 3/3 levels left

rFire    . . .     SeeInvis .   (weapon currently unavailable)
rCold    . . .     Gourm    .   (shield currently unavailable)
rNeg     + + +     Faith    .   (armour currently unavailable)
rPois    +         Spirit   .   (helmet currently unavailable)
rElec    .         Reflect  .   (cloak currently unavailable)
rCorr    .         Harm     .   (gloves currently unavailable)
MR       .....                  (boots currently unavailable)
Stlth    +.........             j - amulet of regeneration
HPRegen  0.52/turn              k - ring of flight
MPRegen  0.09/turn              (no ring)

@: lethally poisoned (0 -> -3), fungus-form
A: tiny
a: Berserk, Trog's Hand, Renounce Religion, Evoke Flight


You were on level 3 of the Dungeon.
You worshipped Trog.
Trog was pleased with you.
You were not hungry.
You were a sentient fungus.
You visited 1 branch of the dungeon, and saw 3 of its levels.

You collected 133 gold pieces.

Inventory:

Hand Weapons
 a - a +0 hand axe
 l - a cursed -1 hand axe (melded)
Missiles
 h - 91 stones (quivered)
Armour
 b - a +0 animal skin
 d - a +0 ring mail
 g - a +0 leather armour (melded)
 n - a +0 buckler (melded)
Jewellery
 j - an amulet of regeneration (around neck)
 k - a ring of flight (left hypha)
 o - a +4 ring of evasion {unknown}
Scrolls
 e - 2 scrolls of immolation
 i - 2 scrolls of teleportation {unknown}
 m - 3 scrolls of amnesia
 u - a scroll of fog {unknown}
 v - a scroll of magic mapping {unknown}
 w - 2 scrolls of identify {unknown}
 x - a scroll of remove curse {unknown}
Potions
 f - 4 potions of berserk rage {unknown}
 q - 2 potions of magic {unknown}
 r - a potion of cancellation {unknown}
 s - a potion of invisibility {unknown}
 t - a potion of degeneration {unknown}
Comestibles
 c - 5 rations


   Skills:
 + Level 3.6 Fighting
 + Level 3.9 Axes
 + Level 2.5 Armour
 + Level 2.5 Dodging
 + Level 0.4 Stealth
 + Level 0.5 Shields


You had 3 spell levels left.
You didn't know any spells.
Your spell library was empty.

Dungeon Overview and Level Annotations

Branches:
Dungeon (3/15)

Altars:


Message History

Your +0 buckler melds into your body.
Your +0 leather armour melds into your body.
The now-empty wand crumbles to dust.
You release spores at Ijyb!
Ijyb appears confused.
Ijyb is severely wounded.
* * * LOW HITPOINT WARNING * * *
You feel sick. Ijyb completely misses you.
You strike the helpless Ijyb from behind!
You release spores at Ijyb!
You kill Ijyb!
Trog accepts your kill.
* * * LOW HITPOINT WARNING * * *
You feel sick.
* * * LOW HITPOINT WARNING * * *
You feel sick.
Things that are here:
a +0 dagger of venom; a +0 ring mail; the goblin corpse of Ijyb
* * * LOW HITPOINT WARNING * * *
You feel sick.
You die...

((##..##'##.##+#..........
†.........# #........#....
..........# #.............
########### #.............
....... ...#.....[.......
.....## ................#
....... ##.....)........#
....... #..............#
...#... #.....f........#
....... #..............#
..... . ####............
...... .............. .##
.....%...##.. .#
...#######.# .. .# ... .#
.# .. .. .#


There were no monsters in sight!

Vanquished Creatures
  Ijyb (D:3)
  2 adders (D:3)
  A worm (D:3)
  A dart slug (D:3)
  A leopard gecko (D:2)
  4 bats
  3 hobgoblins
  11 jackals
  A quokka (D:3)
  2 ball pythons
  5 frilled lizards
  4 goblins
  6 kobolds
  A rat (D:2)
43 creatures vanquished.

Notes
Turn   | Place    | Note
-------+----------+-------------------------------------------
     0 | D:1      | Liat the Human Berserker began the quest for the Orb.
     0 | D:1      | Reached XP level 1. HP: 18/18 MP: 1/1
   174 | D:1      | Reached XP level 2. HP: 16/24 MP: 2/2
  1318 | D:2      | Reached XP level 3. HP: 14/29 MP: 3/3
  1472 | D:2      | Reached ** piety under Trog
  1800 | D:3      | Reached XP level 4. HP: 35/35 MP: 4/4
  1976 | D:3      | Noticed Ijyb
  2011 | D:3      | Killed Ijyb
  2012 | D:3      | HP: 1/36 [poisoned by Ijyb]
  2014 | D:3      | Succumbed to Ijyb's poison

Levels and vault maps discovered:
D:1:      psy_arrival_dodecagon, layout_loops_ring
D:2:      layout_basic
D:3:      minmay_chambers_of_twos, layout_basic, first_ration,
          makhleb_altar_promises_db, uniq_ijyb, uniq_grinder

Action                   |  1- 3 |  4- 6 || total
-------------------------+-------+-------++-------
Melee: Hand axe          |   110 |    51 ||   161
       Unarmed           |       |     2 ||     2
  Use: Scroll            |     2 |       ||     2
       Potion            |       |     1 ||     1
 Stab: Confused          |       |     1 ||     1
  Eat: Ration            |     1 |       ||     1
Armor: Leather armour    |    62 |     3 ||    65
       Skin              |       |     9 ||     9
Dodge: Dodged            |   143 |    11 ||   154
Block: Buckler           |    17 |     6 ||    23

Table legend:
 A = Non-vault XP
 B = Vault XP
 C = Vault XP percentage of total XP
 D = Non-vault monster count
 E = Vault monster count
 F = Vault count percentage of total count
                 A         B        C        D         E       F
            +---------+---------+-------+---------+---------+-------
      Total |      69 |      67 |  49.3 |      34 |       9 |  20.9
            +---------+---------+-------+---------+---------+-------
        D:1 |      24 |       0 |   0.0 |      15 |       0 |   0.0
        D:2 |      26 |       0 |   0.0 |      15 |       0 |   0.0
        D:3 |      19 |      67 |  77.9 |       4 |       9 |  69.2
            +---------+---------+-------+---------+---------+-------
